 Dungeon Crawl Stone Soup version 0.28-a0-1344-g6b9ff3a05d (webtiles) character file.

Game seed: 1693247580953096338

81 Deminshera the Shooter (level 4, 0/27 (34) HPs)
             Began as a Demonspawn Hunter on Dec 29, 2021.
             Slain by a necrophage (1 damage)
             ... on level 3 of the Dungeon.
             The game lasted 00:03:08 (2726 turns).

Deminshera the Shooter (Demonspawn Hunter)          Turns: 2726, Time: 00:03:09

HP:   0/27 (34)     AC:  3    Str: 14    XL:     4   Next: 20%
MP:   4/4           EV: 12    Int: 13    God:
Gold: 111           SH:  4    Dex: 13    Spells: 3/3 levels left

rFire   . . .      SeeInvis .   a - +1 shortbow
rCold   . . .      Faith    .   (shield currently unavailable)
rNeg    . . .      Spirit   .   c - +0 leather armour
rPois   .          Reflect  .   (no helmet)
rElec   .          Harm     .   (no cloak)
rCorr   .          Rampage  .   (no gloves)
Will    .....                   (no boots)
Stlth   ++........              (no amulet)
HPRegen 0.09/turn               (no ring)
MPRegen 0.09/turn               (no ring)

@: heavily drained
A: hooves 1, powered by death 1, condensation shield
a: no special abilities


You were on level 3 of the Dungeon.
You visited 1 branch of the dungeon, and saw 3 of its levels.

You collected 111 gold pieces.

Inventory:

Hand Weapons
 a - a +1 shortbow (weapon)
 b - a +0 short sword
 l - a +0 vampiric halberd
Armour
 c - a +0 leather armour (worn)
Scrolls
 g - a scroll of enchant weapon {unknown}
 h - a scroll of blinking {unknown}
 k - a scroll of magic mapping {unknown}
 m - a scroll of teleportation {unknown}
 n - a scroll of enchant armour {unknown}
Potions
 e - a potion of flight {unknown}
 i - a potion of magic
 j - a potion of lignification {unknown}


   Skills:
 + Level 2.5 Fighting
 + Level 4.5 Bows
 - Level 0.1 Armour
 + Level 2.2 Dodging
 + Level 1.6 Stealth


You had 3 spell levels left.
You didn't know any spells.
Your spell library contained the following spells:

 Spells                   Type           Power      Damage    Failure   Level
 Summon Small Mammal      Summ           0%         N/A       36%         1
 Call Canine Familiar     Summ           0%         N/A       75%         3
 Summon Guardian Golem    Hex/Summ       0%         N/A       75%         3


Dungeon Overview and Level Annotations

Branches:
Dungeon (3/15)

Altars:


Innate Abilities, Weirdness & Mutations

You have large cloven feet.
You regenerate a little health from kills.
A meltable shield of frost defends you. (SH +4)


Message History

Aim: a necrophage (62% to hit)
You shoot an arrow.
The arrow hits the necrophage but does no damage.
Fire: 4 arrows
Press: ? - help, Q - select action Shift-Dir - straight line, f/p - necrophage
Aim: a necrophage (62% to hit)
You shoot an arrow. The arrow hits the necrophage.
The necrophage is lightly damaged.
Fire: 3 arrows
Press: ? - help, Q - select action Shift-Dir - straight line, f/p - necrophage
Aim: a necrophage (lightly damaged, 62% to hit)
You shoot an arrow. The arrow barely misses the necrophage.
You feel much better. The necrophage barely misses you.
It was a potion of magic.
Magic courses through your body. The necrophage hits you.
You feel drained.
Fire: 2 arrows
Press: ? - help, Q - select action Shift-Dir - straight line, f/p - necrophage
Aim: a necrophage (lightly damaged, 62% to hit)
You shoot an arrow. The arrow barely misses the necrophage.
You block the necrophage's attack.
Fire: arrow
Press: ? - help, Q - select action Shift-Dir - straight line, f/p - necrophage
Aim: a necrophage (lightly damaged, 62% to hit)
You shoot an arrow. The arrow hits the necrophage.
The necrophage is moderately damaged.
The necrophage hits you. The necrophage closely misses you.
The necrophage hits you.
You feel drained. The necrophage barely misses you. The necrophage hits you.
You feel drained. The necrophage hits you.
You feel drained.
The necrophage hits you but does no damage.
The necrophage hits you.
* * * LOW HITPOINT WARNING * * *
You feel drained. The necrophage barely misses you. The necrophage hits you!
* * * LOW HITPOINT WARNING * * *
You feel drained.
You die...

#..........
#.........#
#.........# ##
##.........# ....
...........###.....
.(.....!............
......†.............
.....(n@............
..(.(.)#............
.(...>.#............
#####......)........
....#.....†......###
..#.................
..................#
..#..#####.........#
##...........
##.......##


You could see a necrophage.

Vanquished Creatures
  2 gnolls
  An adder (D:3)
  2 dart slugs
  An endoplasm (D:2)
  6 giant cockroaches
  4 goblins
  4 hobgoblins (D:2)
  5 quokkas
  4 ball pythons
  8 bats
  3 frilled lizards
  2 kobolds
  4 rats
46 creatures vanquished.

Notes
Turn   | Place    | Note
-------+----------+-------------------------------------------
     0 | D:1      | Deminshera the Demonspawn Hunter began the quest for the
                  | Orb.
     0 | D:1      | Reached XP level 1. HP: 16/16 MP: 1/1
   223 | D:1      | Reached skill level 4 in Bows
   229 | D:1      | Gained mutation: You regenerate a little health from kills.
                  | [demonic ancestry]
   229 | D:1      | Reached XP level 2. HP: 7/22 MP: 2/2
   583 | D:1      | Found a faded altar of an unknown god.
  1374 | D:2      | Reached skill level 1 in Stealth
  1445 | D:2      | Gained mutation: A meltable shield of frost defends you.
                  | (SH +4) [demonic ancestry]
  1445 | D:2      | Reached XP level 3. HP: 23/27 MP: 3/3
  2641 | D:3      | Gained mutation: You have large cloven feet. [demonic
                  | ancestry]
  2641 | D:3      | Reached XP level 4. HP: 34/34 MP: 4/4
  2707 | D:3      | Noticed a necrophage
  2726 | D:3      | HP: 1/28 [necrophage (7)]
  2726 | D:3      | Slain by a necrophage

Illustrated notes

Levels and vault maps discovered:
D:1:      saegor_arrival_under_anarchy, layout_basic,
          chequers_ecumenical_altar_simple
D:2:      wad_river_or_something, layout_loops_ring, kennysheep_generic_room_3
D:3:      layout_rooms, mainiacjoe_overflow_swirl, uniq_crazy_yiuf_cottage

Skill      XL: |  1  2  3 |
---------------+----------+-----
Bows           | 4 |  4.5
Stealth        | 1 |  1.6
Dodging        | 2 |  2.2
Fighting       | |  2.5
Armour         | |  0.1

Action                   |  1- 3 |  4- 6 || total
-------------------------+-------+-------++-------
Melee: Halberd           |    45 |    19 ||    64
       Short sword       |    28 |       ||    28
       Kick              |       |     4 ||     4
 Fire: Shortbow          |    76 |     7 ||    83
  Use: Potion            |     1 |     2 ||     3
 Stab: Sleeping          |     1 |       ||     1
Armor: Leather armour    |    26 |     8 ||    34
Dodge: Dodged            |    67 |    19 ||    86
Block: Other             |    14 |     4 ||    18

Table legend: (Time is in decaauts)
 A = Elapsed time spent in this place.
 B = Non-inter-level travel time spent in this place.
 C = Inter-level travel time spent in this place.
 D = Time resting spent in this place.
 E = Time spent auto-exploring this place.
 F = Levels seen in this place.
 G = Mean time per level.
                   A        B        C        D        E       F      G
               +--------+--------+--------+--------+--------+-----+--------+
         Total |   2769 |   2702 |     67 |    359 |   1974 |   3 |  923.0 |
       Dungeon |   2769 |   2702 |     67 |    359 |   1974 |   3 |  923.0 |
               +--------+--------+--------+--------+--------+-----+--------+

Top non-repeatable levels by time:
     D:2: 1426 daAuts
     D:1: 1143 daAuts
     D:3: 199 daAuts
